AoeStats
← MontyBurns

Black Forest

506780173Analyzed
2v2 RM · 16d ago on Sep 15, 2026· 48m 36s· 4 players
Game mode
Random Map
Map size
Medium (4 player)
Population
200
Speed
Normal
Resources
Standard
Victory
Conquest
Starting age
Dark Age
Ending age
Imperial Age
RankedLock teamsTeams togetherTeam positionsShared explorationLock speedFull tech treeHidden civsTurbo modeCheats
Victory
Defeat
🇺🇸 Chinese · United States
704
+16
🇲🇽 Celts · Mexico
644
+18
🇪🇨 Sicilians · Ecuador
702
-17
🇺🇸 Byzantines · United States
689
-17
Pocket Hunter
0:26 Loom
Buen Levi
0:30 Loom
19:31 Feudal Age
20:18 Double-Bit Axe
20:16 Horse Collar
31:27 Castle Age
33:34 Heavy Plow
33:47 Bow Saw
36:59 First Crusade
37:51 Stone Mining
37:51 Gold Mining
37:59 Gold Mining
42:45 Scale Barding Armor
45:17 Imperial Age
46:42 Scale Barding Armor
47:01 Hauberk
48:53 Chain Barding Armor
48:32 Town Watch
48:24 Cavalier
BlueThunder581
0:41 Loom
15:18 Feudal Age
15:49 Double-Bit Axe
15:48 Horse Collar
18:49 Town Watch
19:03 Gold Mining
24:21 Castle Age
23:02 Fletching
23:12 Padded Archer Armor
25:30 Bow Saw
26:26 Stone Mining
27:30 Man-at-Arms
28:10 Squires
29:31 Wheelbarrow
28:43 Long Swordsman
29:09 Arson
30:18 Heavy Plow
33:07 Scale Mail Armor
33:18 Forging
37:57 Imperial Age
35:53 Thumb Ring
36:04 Caravan
36:30 Bodkin Arrow
38:20 Heavy Rocket Cart
39:26 Conscription
39:37 Chain Mail Armor
40:06 Ballistics
42:11 Elite Chu Ko Nu
44:33 Leather Archer Armor
45:01 Iron Casting
46:18 Chemistry
MontyBurns
0:46 Loom
15:50 Feudal Age
17:18 Double-Bit Axe
22:53 Castle Age
25:48 Husbandry
28:35 Bow Saw
29:28 Stone Mining
29:28 Gold Mining
31:50 Wheelbarrow
35:08 Imperial Age
33:48 Hand Cart
33:30 Town Watch
36:20 Town Patrol
36:35 Cavalier
39:27 Chemistry
38:09 Pikeman
40:12 Gold Shaft Mining
40:12 Stone Shaft Mining
40:03 Padded Archer Armor
40:04 Scale Mail Armor
40:09 Scale Barding Armor
40:53 Onager
42:37 Chain Barding Armor
42:33 Chain Mail Armor
42:07 Horse Collar
43:04 Paladin
46:12 Caravan
46:00 Siege Onager
49:11 Plate Mail Armor
48:51 Forging
48:32 Fletching
48:32 Arson
Connection lost

Rejoining the realm…

Still unreachable

The connection could not be restored.

Session expired

The server has moved on; the page needs a fresh start.